 Dungeon Crawl Stone Soup version 0.20.1-1-g8b1a95d (webtiles) character file.

3216 JeffiDaFish the Basher (level 9, -1/50 HPs)
             Began as a Gargoyle Fighter on July 30, 2017.
             Was an Elder of Okawaru.
             Slain by a three-headed hydra (7 damage)
             ... on level 8 of the Dungeon on July 31, 2017.
             The game lasted 00:22:28 (6619 turns).

JeffiDaFish the Basher (Gargoyle Fighter)           Turns: 6619, Time: 00:22:29

Health: -1/50      AC: 24    Str: 21    XL:     9   Next: 97%
Magic:  8/9        EV:  8    Int: 10    God:    Okawaru [****..]
Gold:   375        SH: 21    Dex: 17    Spells: 8/8 levels left

rFire    . . .     SeeInvis .   a - +1 flail
rCold    + . .     Gourm    .   y - +2 large shield {rC+}
rNeg     + . .     Faith    .   s - +0 plate armour
rPois    ∞         Spirit   .   (no helmet)
rElec    +         Reflect  .   (no cloak)
rCorr    .         Harm     .   b - +0 pair of gloves
MR       .....     Rnd*Tele +   (no boots)
Stlth    ..........             (no amulet)
Regen    0.2/turn               z - +2 ring of strength
MPRegen  0.2/turn               l - +5 ring of dexterity

@: about to teleport, heroism, hasted, very quick
A: molten scales 1, frail 1, negative energy resistance 1, electricity
resistance, teleportitis 1, unbreathing, evolution 1, petrification resistance,
rot immunity, AC +5
a: Heroism, Renounce Religion


You were on level 8 of the Dungeon.
You worshipped Okawaru.
Okawaru was greatly pleased with you.
You were not hungry.

You visited 2 branches of the dungeon, and saw 9 of its levels.
You also visited: Ossuary.

You collected 638 gold pieces.
You spent 263 gold pieces at shops.

Inventory:

Hand Weapons
 a - a +1 flail (weapon)
Armour
 b - a +0 pair of gloves (worn)
 s - a +0 plate armour (worn)
 y - a +2 large shield of cold resistance (worn)
Jewellery
 l - a +5 ring of dexterity (right hand)
 z - a +2 ring of strength (left hand)
Wands
 v - a wand of digging (4/24)
Scrolls
 g - 4 scrolls of remove curse
 h - a scroll of teleportation
 i - a scroll of recharging
 k - 2 scrolls of fear
 n - 3 scrolls of identify
 o - 2 scrolls of enchant weapon
 q - a scroll of magic mapping
Potions
 c - a potion of agility
 j - a potion of might
Comestibles
 d - 2 fruits
 f - 2 bread rations
 x - a meat ration


   Skills:
 + Level 6.6(11.6) Fighting
 + Level 8.8(13.8) Maces & Flails
 + Level 6.6(11.6) Armour
 + Level 2.4(7.4) Dodging
 + Level 1.3(6.3) Stealth
 + Level 8.0(13.0) Shields
 + Level 0.7 Invocations


You had 8 spell levels left.
You didn't know any spells.

Dungeon Overview and Level Annotations

Branches:
Dungeon (8/15)             Temple (1/1) D:4
   Lair: D:8-11

Altars:
Cheibriados
Dithmenos
Elyvilon
Fedhas
Gozag
Hepliaklqana
Makhleb
Nemelex Xobeh
Okawaru
Qazlal
Ru
Sif Muna
Trog
Uskayaw
Vehumet
Xom
Yredelemnul
The Shining One

Shops:
D:5 [   D:7 *   D:8 *

Annotations:
D:6 robertstho's ghost, novice MiBe
D:8 Maurice; Prince Ribbit


Innate Abilities, Weirdness & Mutations

You are resistant to torment.
Your stone body is resilient. (AC +5)
You are immune to poison.
You resist negative energy. (rN+)
You are resistant to electric shocks. (rElec)
You can survive without breathing.
You are immune to petrification.
You are immune to rotting.
You are partially covered in molten scales. (AC +2)
You are frail. (-10% HP)
You are occasionally teleported next to monsters.
You evolve.


Message History

The dream sheep splashes around in the water.
Something hits the plant but does no damage.
You hit the three-headed hydra.
The three-headed hydra is heavily wounded.
Something bites the plant but does no damage.
As you read the scroll of teleportation, it crumbles to dust.
You feel strangely unstable.
Something hits the plant but does no damage. x2
The dream sheep bites the plant but does no damage.
You block the three-headed hydra's attack.
The three-headed hydra bites you but does no damage.
The three-headed hydra closely misses you.
You hear a splashing noise.
You hit the three-headed hydra.
The three-headed hydra is heavily wounded.
You hear a splashing noise.
You sock the three-headed hydra!
The three-headed hydra is severely wounded.
The three-headed hydra bites you!
You die...

.#.# ########## .#.###
#%.#.....# # #
.....###%.'..%.≈# #.#
.......#..'.....### #.#
.......#..'%...≈..#
##.#.##.......#..#.Y%..#.#
..# #.........#'##KDY.≈#.#
.## ##....# #%@#{KY≈≈# #
#.###.#####


#.)DKPYPP# ##.#)## ############# ##.## ##...... ### ##...#..# #.......#
#.......#####.# #.............. ###########...##.#####. You could see a
three-headed hydra, a big kobold and a dream sheep.

Vanquished Creatures
  A two-headed ogre (D:8)
  3 hungry ghosts
  A water moccasin (D:7)
  Duvessa (D:7)
  An orc warrior (D:6)
  A sky beast (D:5)
  3 ogres
  A centaur (D:7)
  Dowan (D:7)
  2 scorpions (D:4)
  4 killer bees (D:8)
  3 howler monkeys
  3 hounds
  3 orc priests
  A jelly (D:6)
  7 orc wizards
  An iguana (D:8)
  2 bullfrog skeletons
  6 worker ants
  9 mummies
  4 gnolls (D:8)
  9 adders
  2 shadow imps
  An ooze (D:1)
  5 worms
  8 dart slugs
  2 leopard geckos
  21 orcs
  7 giant cockroaches
  3 goblins
  6 hobgoblins
  9 jackals
  8 kobolds
  2 quokkas
  3 ball pythons
  4 bats
  6 frilled lizards
  5 gnoll zombies
  A goblin zombie (D:7)
  A hobgoblin zombie (Ossuary)
  4 kobold zombies
  A leopard gecko skeleton (D:4)
  An orc zombie (Ossuary)
  7 rats
174 creatures vanquished.

Vanquished Creatures (others)
  4 plants (D:8)
4 creatures vanquished.

Grand Total: 178 creatures vanquished

Notes
Turn   | Place    | Note
-------+----------+-------------------------------------------
     0 | D:1      | JeffiDaFish the Gargoyle Fighter began the quest for the Orb.
     0 | D:1      | Reached XP level 1. HP: 14/14 MP: 1/1
   113 | D:1      | Reached XP level 2. HP: 15/19 MP: 2/2
   256 | D:1      | Reached XP level 3. HP: 22/23 MP: 3/3
   320 | D:1      | Gained mutation: You are occasionally teleported next to monsters. [potion of mutation]
   320 | D:1      | Gained mutation: You evolve. [potion of mutation]
   320 | D:1      | Gained mutation: You are frail. (-10% HP) [potion of mutation]
   320 | D:1      | Gained mutation: You are partially covered in molten scales. (AC +2) [potion of mutation]
   685 | D:2      | Reached XP level 4. HP: 19/26 MP: 4/4
  1041 | D:2      | Found a stormy altar of Qazlal.
  1113 | D:2      | Reached skill level 1 in Dodging
  1602 | D:3      | Found a white marble altar of Elyvilon.
  1695 | D:3      | Reached XP level 5. HP: 27/29 MP: 5/5
  1847 | D:3      | Found a hazy altar of Hepliaklqana.
  1851 | D:3      | Found a bloodstained altar of Trog.
  1942 | D:3      | Found a burning altar of Makhleb.
  2714 | D:4      | Reached XP level 6. HP: 33/34 MP: 6/6
  2754 | D:4      | Found a staircase to the Ecumenical Temple.
  2818 | Temple   | Entered the Ecumenical Temple
  2899 | Temple   | Became a worshipper of Warmaster Okawaru
  3077 | D:4      | Reached skill level 1 in Stealth
  3077 | D:4      | Reached skill level 5 in Shields
  3102 | D:4      | Found a basalt altar of Yredelemnul.
  3171 | D:4      | Reached XP level 7. HP: 32/38 MP: 7/7
  3243 | D:5      | Entered Level 5 of the Dungeon
  3314 | D:5      | Found Lehyoqaun's Armour Emporium.
  3400 | D:5      | Found a glowing golden altar of the Shining One.
  3411 | D:5      | Found a blossoming altar of Fedhas.
  3553 | D:5      | Reached * piety under Okawaru
  3553 | D:5      | Reached skill level 5 in Maces & Flails
  3855 | D:6      | Reached XP level 8. HP: 20/43 MP: 8/8
  4263 | D:6      | Noticed robertstho's ghost (novice MiBe)
  4345 | D:7      | Found a radiant altar of Vehumet.
  4345 | D:7      | Noticed Duvessa
  4345 | D:7      | Noticed Dowan
  4400 | D:7      | Killed Duvessa
  4412 | D:7      | Noticed a hand axe
  4412 | D:7      | Noticed a hand axe
  4414 | D:7      | Found a hide-covered altar of Uskayaw.
  4583 | D:7      | Reached skill level 5 in Fighting
  4583 | D:7      | Reached skill level 5 in Armour
  4594 | D:7      | Reached ** piety under Okawaru
  4663 | D:7      | Killed Dowan
  4673 | D:7      | Found a sand-covered staircase.
  4684 | Ossuary  | Entered an ossuary
  5053 | D:7      | Paralysed by fainting for 11 turns
  5277 | D:7      | Found an opulent altar of Gozag.
  5282 | D:7      | Found Gozag's Platinum Reserve.
  5306 | D:7      | Reached XP level 9. HP: 49/49 MP: 9/9
  5498 | D:7      | Found a snail-covered altar of Cheibriados.
  5847 | D:8      | Found Aneir's General Store.
  5856 | D:8      | Reached *** piety under Okawaru
  5888 | D:8      | Bought a +1 large shield of cold resistance for 181 gold pieces
  5888 | D:8      | Bought a scroll of enchant armour for 82 gold pieces
  6025 | D:8      | Noticed Maurice
  6036 | D:8      | Noticed a two-headed ogre
  6049 | D:8      | Killed a two-headed ogre
  6052 | D:8      | HP: 2/50 [something/wand of lightning (?/15) (8)]
  6468 | D:8      | Noticed Prince Ribbit
  6476 | D:8      | Reached **** piety under Okawaru
  6479 | D:8      | Paralysed by fainting for 10 turns
  6593 | D:8      | Noticed a three-headed hydra
  6619 | D:8      | Slain by a three-headed hydra

Skill      XL: |  1  2  3  4  5  6  7  8  9 |
---------------+----------------------------+-----
Maces & Flails | 3 4 5 7 8 |  8.8
Shields        | 4 5 6 8 |  8.0
Dodging        | 1 2 |  2.4
Fighting       | 4 5 6 |  6.6
Armour         | 4 5 6 |  6.6
Stealth        | 1 |  1.3
Invocations    | |  0.7

Action                   |  1- 3 |  4- 6 |  7- 9 || total
-------------------------+-------+-------+-------++-------
Melee: Flail             |   114 |   178 |   550 ||   842
Invok: Heroism           |       |       |     3 ||     3
  Use: Scroll            |     6 |     6 |    11 ||    23
       Potion            |     4 |     2 |     7 ||    13
 Stab: Invisible         |     1 |       |       ||     1
  Eat: Chunk             |       |     8 |     6 ||    14
       Meat ration       |       |       |     4 ||     4
       Fruit             |       |       |     1 ||     1
Armor: Scale mail        |    91 |    99 |    33 ||   223
       Plate armour      |       |       |   297 ||   297
Dodge: Dodged            |    39 |    49 |   101 ||   189
Block: Shield            |   101 |   112 |   308 ||   521
       Large shield      |       |       |    69 ||    69
